 Dungeon Crawl Stone Soup version 0.27-a0-607-g1ad3dbde53 (webtiles) character file.

Game seed: 9247316948413003900

0 Allula97 the Skirmisher (level 1, -1/18 HPs)
             Began as a Demonspawn Abyssal Knight on Mar 13, 2021.
             Was a Follower of Lugonu.
             Slain by a small abomination (16 damage)
             ... on level 1 of the Dungeon.
             The game lasted 00:00:35 (79 turns).

Allula97 the Skirmisher (Demonspawn Abyssal Knight)   Turns: 79, Time: 00:00:35

Health: -1/18      AC:  3    Str: 12    XL:     1   Next: 0%
Magic:  2/2        EV: 11    Int: 13    God:    Lugonu [*.....]
Gold:   6          SH:  0    Dex: 12    Spells: 0/0 levels left

rFire    . . .     SeeInvis .   a - +1 short sword
rCold    . . .     Faith    .   (no shield)
rNeg     . . .     Spirit   .   b - +0 leather armour
rPois    .         Reflect  .   (no helmet)
rElec    .         Harm     .   (no cloak)
rCorr    .         Rampage  .   (no gloves)
Will     .....                  (no boots)
Stlth    +.........             (no amulet)
HPRegen  0.06/turn              (no ring)
MPRegen  0.08/turn              (no ring)

@: no status effects
A: no striking features
a: Renounce Religion, Depart the Abyss


You were on level 1 of the Dungeon.
You worshipped Lugonu.
Lugonu was aware of your devotion.
You visited 1 branch of the dungeon, and saw 1 of its levels.
You visited the Abyss 1 time.

You collected 6 gold pieces.

Inventory:

Hand Weapons
 a - a +1 short sword (weapon)
Missiles
 c - 3 boomerangs of dispersal
Armour
 b - a +0 leather armour (worn)


   Skills:
 * Level 3.0 Fighting
 * Level 1.7 Short Blades
 * Level 1.7 Armour
 * Level 0.8 Dodging
 + Level 2.4 Invocations


You couldn't memorise any spells.
You didn't know any spells.
Your spell library was empty.

Dungeon Overview and Level Annotations

Branches:
Dungeon (1/15)

Altars:


Message History

Welcome, Allula97 the Demonspawn Abyssal Knight.
It is said that the Orb of Zot exists deep within this dungeon.
Lugonu says: Depart the Abyss and spread corruption, my servant! (use the ability menu to exit the Abyss) Press ? for a list of commands and other information.
Found a corrupted altar of Lugonu.
Found a gateway leading out of the Abyss.
Found 3 boomerangs of dispersal.
You see here 3 boomerangs of dispersal.
c - 3 boomerangs of dispersal
Found 6 gold pieces.
You now have 6 gold pieces.
Found 4 gold pieces.
A small abomination comes into view.
Tentacles burst from the starspawn's body! 2 starspawn tentacles come into view.
Found a gateway leading out of the Abyss.
There is a gateway leading out of the Abyss here.
The small abomination hits you.
You pass through the gate.
Found 32 stones, 29 arrows and 2 scrolls labelled KETRONTEDYSS.
There is a staircase leading out of the dungeon here.
You hit the small abomination.
The small abomination is lightly damaged.
The small abomination barely misses you.
The small abomination hits you!
Ouch! That really hurt!
You die...

..... .....
.(... .....
.....# #.....
......###......
...............
#.....(...#
#.......#
#...@(..#
#...x...#
#.........#
...............
?.....###......
.....# #.....
.?... .....
..... ...(.


You could see a small abomination.

Vanquished Creatures (others)
  2 starspawn tentacles (Abyss:1)
2 creatures vanquished.

Notes
Turn   | Place    | Note
-------+----------+-------------------------------------------
     0 | Abyss:1  | Allula97 the Demonspawn Abyssal Knight began the quest for
                  | the Orb.
     0 | Abyss:1  | Reached XP level 1. HP: 18/18 MP: 2/2
    64 | Abyss:1  | Noticed a tentacled starspawn
    67 | Abyss:1  | Noticed a small abomination
    77 | Abyss:1  | Noticed a soul eater
    78 | D:1      | Escaped the Abyss
    79 | D:1      | Slain by a small abomination

Illustrated notes

Levels and vault maps discovered:
D:1:      minmay_arrival_four_circles, layout_basic, tso_metal_star

Action                   || total
-------------------------++-------
Melee: Short sword       ||     1
Dodge: Dodged            ||     1

Table legend: (Time is in decaauts)
 A = Elapsed time spent in this place.
 B = Non-inter-level travel time spent in this place.
 C = Inter-level travel time spent in this place.
 D = Time resting spent in this place.
 E = Time spent auto-exploring this place.
 F = Levels seen in this place.
 G = Mean time per level.
                   A        B        C        D        E       F      G
               +--------+--------+--------+--------+--------+-----+--------+
         Total |     78 |     78 |      0 |      0 |      0 |   2 |   39.0 |
       Dungeon |      0 |      0 |      0 |      0 |      0 |   1 |    0.0 |
         Abyss |     78 |     78 |      0 |      0 |      0 |   1 |   78.0 |
               +--------+--------+--------+--------+--------+-----+--------+

Top non-repeatable levels by time:
 Abyss:1: 78 daAuts
     D:1: 0 daAuts
